 Dungeon Crawl Stone Soup version 0.31.0-11-ge490571c62 (webtiles) character file.

Game seed: 3922647334320432901

7624 solopath the Thaumaturge (level 11, -18/81 HPs)
             Began as a Gnoll Hedge Wizard on Jan 27, 2024.
             Was an Elder of Okawaru.
             Demolished by an orc warlord
             ... wielding a +3 battleaxe
              (21 damage)
             ... in a bailey.
             The game lasted 00:40:49 (12353 turns).

solopath the Thaumaturge (Gnoll Hedge Wizard)      Turns: 12353, Time: 00:40:50

Health: -18/81     AC: 10    Str:  9    XL:     11   Next: 18%
Magic:  8/24       EV: 18    Int: 17    God:    Okawaru [****..]
Gold:   550        SH:  0    Dex: 13    Spells: 15/29 levels left

rFire   . . .        y - +1 dagger (venom)
rCold   + . .        (no shield)
rNeg    . . .        D - +2 robe {rC+}
rPois   .            n - +2 helmet {SInv}
rElec   .            f - +0 cloak
rCorr   .            (no gloves)
SInv    +            (no boots)
Will    .....        (no amulet)
Stlth   +++++        x - ring of wizardry
HPRegen 0.33/turn    F - ring of see invisible
MPRegen 0.19/turn

%: wizardry (x1)
@: heroic, invisible
A: fangs 1, strong nose, distributed training
a: Renounce Religion, Heroism, Finesse


You were in a bailey.
You worshipped Okawaru.
Okawaru was greatly pleased with you.
You visited 2 branches of the dungeon, and saw 10 of its levels.
You also visited: Sewer and Bailey.

You collected 981 gold pieces.
You spent 431 gold pieces at shops.

Inventory:

Hand Weapons
 b - a +0 mace of holy wrath
 c - the +7 hand axe of the Endless March {freeze, rPois Dex+4}
   (You found it on level 9 of the Dungeon)

   Dex+4:     It affects your dexterity (+4).
   rPois:     It protects you from poison
 k - a +0 spear of venom
 y - a +1 dagger of venom (weapon)
Missiles
 B - 2 javelins
Armour
 f - a +0 cloak (worn)
 n - a +2 helmet of see invisible (worn)
 D - a +2 robe of cold resistance (worn)
Jewellery
 x - a ring of wizardry (left hand)
 F - a ring of see invisible (right hand)
Wands
 q - a wand of mindburst (5)
 s - a wand of flame (47)
 t - a wand of paralysis (3)
 G - a wand of polymorph (2)
Scrolls
 g - 2 scrolls of torment
 h - 5 scrolls of teleportation
 i - 2 scrolls of fear
 j - 5 scrolls of vulnerability
 m - 3 scrolls of brand weapon
 o - 2 scrolls of poison
 w - a scroll of enchant weapon
 E - a scroll of noise
Potions
 d - 3 potions of magic
 e - 2 potions of haste
 l - 2 potions of curing
 p - 2 potions of cancellation
 r - 3 potions of brilliance
 u - a potion of heal wounds {unknown}
 v - a potion of might {unknown}
 z - a potion of ambrosia
 A - a potion of enlightenment {unknown}
 C - 2 potions of degeneration {unknown}


   Skills:
 + Level 6.2(11.2) Fighting
 + Level 6.2(11.2) Short Blades
 + Level 6.2(11.2) Long Blades
 + Level 6.2(11.2) Axes
 + Level 6.2(11.2) Maces & Flails
 + Level 6.2(11.2) Polearms
 + Level 6.2(11.2) Staves
 + Level 6.2(11.2) Ranged Weapons
 + Level 6.2(11.2) Throwing
 + Level 6.2(11.2) Armour
 + Level 7.8(12.8) Dodging
 + Level 7.6(12.6) Stealth
 + Level 6.2(11.2) Shields
 + Level 6.2(11.2) Unarmed Combat
 + Level 9.6 Spellcasting
 + Level 5.6 Conjurations
 + Level 5.2 Hexes
 + Level 5.6 Summonings
 + Level 5.2 Necromancy
 + Level 5.6 Translocations
 + Level 5.2 Fire Magic
 + Level 5.2 Ice Magic
 + Level 5.2 Air Magic
 + Level 5.2 Earth Magic
 + Level 5.2 Alchemy
 + Level 6.9 Invocations
 + Level 6.2 Evocations
 + Level 5.7 Shapeshifting


You had 15 spell levels left.
You knew the following spells:

 Your Spells              Type           Power      Damage    Failure   Level
a - Magic Dart            Conj           100%       1d8       1%          1
b - Apportation           Tloc           54%        N/A       1%          1
c - Blink                 Tloc           54%        N/A       1%          2
d - Call Imp              Summ           54%        N/A       1%          2
e - Mephitic Cloud        Conj/Alch/Air  26%        N/A       1%          3
f - Jinxbite              Hex            50%        N/A       1%          2
g - Teleport Other        Tloc           27%        N/A       1%          3

Your spell library contained the following spells:

 Spells                   Type           Power      Damage    Failure   Level
 Slow                     Hex            100%       N/A       1%          1
 Cigotuvi's Dreadful Rot  Necr/Alch/Air  50%        N/A       1%          2
 Gell's Gravitas          Tloc           27%        N/A       1%          3
 Leda's Liquefaction      Alch/Erth      12%        N/A       4%          4
 Alistair's Intoxication  Alch           16%        N/A       12%         5
 Lee's Rapid Deconstruct  Erth           12%        3d9*      12%         5
 Dispersal                Tloc           13%        N/A       45%         6
 Bombard                  Conj/Erth      13%        9d3       47%         6


Dungeon Overview and Level Annotations

Branches:
Dungeon (9/15)             Temple (1/1) D:6           Sewer (visited)
 Bailey (1/1)
   Lair: D:8-11         Orc: D:9-12

Altars:
Ashenzari
Cheibriados
Dithmenos
Elyvilon
Fedhas
Gozag
Kikubaaqudgha
Makhleb
Nemelex Xobeh
Okawaru
Qazlal
Ru
Trog
Uskayaw
Vehumet
Wu Jian
Xom
Yredelemnul
Zin
The Shining One

Shops:
D:1 [   D:3 (   D:6 [   D:7 (


Innate Abilities, Weirdness & Mutations

You have very sharp teeth.
Your uncanny sense of smell can sniff out nearby items.
Your experience applies equally to all skills.


Message History

Confirm with . or Enter, or press ? or * to list all spells.
Aiming: Mephitic Cloud (safe; 1% risk of failure)
Press: ? - help, Shift-Dir - straight line The ball explodes into a vile cloud!
The orc warlord is engulfed in noxious fumes.
The orc warlord appears confused.
Unknown command.
Aiming: Mindburst
Press: ? - help, Shift-Dir - straight line, f - orc warlord
Aim: an orc warlord, wielding a +3 battleaxe and wearing a +0 plate armour (noxious fumes, moderately wounded, confused, chance to affect: 54%)
The orc warlord resists with significant effort.
The orc warlord is engulfed in noxious fumes.
Unknown command.
Okay, then.
The air fills with toxic fumes!
As you read the scroll of poison, it crumbles to dust.
The orc warlord hits itself with a +3 battleaxe!!
Unknown command.
The orc warlord seems less confused.
Casting: Mephitic Cloud (safe; 1% risk of failure)
Confirm with . or Enter, or press ? or * to list all spells.
Aiming: Mephitic Cloud (safe; 1% risk of failure)
Press: ? - help, Shift-Dir - straight line, f/p - orc warlord
Aim: an orc warlord, wielding a +3 battleaxe and wearing a +0 plate armour (severely wounded, chance to affect: 29%)
The ball explodes into a vile cloud!
The stinking cloud engulfs the orc warlord.
The orc warlord is severely wounded.
The orc warlord is engulfed in noxious fumes.
You fade into invisibility!
The orc warlord is engulfed in poison gas.
The orc warlord is poisoned.
The orc warlord hits you with a +3 battleaxe!
* * * LOW HITPOINT WARNING * * *
Unknown command.
As you read the scroll of fear, it crumbles to dust.
You assume a fearsome visage.
The orc warlord easily resists.
The orc warlord is engulfed in poison gas.
The orc warlord looks even sicker.
The orc warlord hits you with a +3 battleaxe!!
You die...

.. ∆∆#........... ... ###
∆###....))...# ...###§###
###§###)....###
#'#..§§.###
###§§§☼§#'#.###
##....§§§..###§§§§§☼§..###
#.....§§§§..#§§§§☼§§§...#
#.....§§§§§.#§§§§§§§§...#
#.....§§°○§§#§§§☼§§§§.).#
#.....§§.§§§o@§§§§§§§...#
#.....☼§☼§§§#§§§§§§§§...#
##....☼§§§§###§§§§§§§..##
###..§☼§### ###§§§§§###
###§### ###§### ### ###


You could see an orc warlord (unable to see you, very poisoned).

Vanquished Creatures
  Pikel (D:8)
  Psyche (D:7)
  A hornet (D:9)
  2 wyverns
  14 yaks
  A steam dragon (D:9)
  An acid dragon (D:8)
  A water moccasin (D:9)
  Duvessa (D:6)
  14 orc warriors
  A sky beast (D:7)
  An ice beast (D:5)
  A black bear (D:7)
  2 ogres (D:6)
  A kobold brigand (Sewer)
  An elf zombie (D:6)
  2 scorpions
  2 bullfrogs
  4 wights
  Dowan (D:6)
  2 killer bees (D:9)
  4 bombardier beetles
  2 howler monkeys
  A centaur zombie (D:6)
  2 quasits (Sewer)
  A hound (D:6)
  2 orc priests (D:8)
  A sleepcap (D:6)
  2 iguanas
  6 orc wizards
  An ogre zombie (D:6)
  4 hound zombies (D:6)
  3 howler monkey zombies (D:6)
  11 gnolls
  4 adders
  A river rat (D:5)
  3 shadow imps
  A white imp (D:5)
  An ufetubus (Sewer)
  An adder zombie (D:6)
  2 dart slugs
  28 orcs
  10 ball pythons
  13 endoplasms
  4 giant cockroaches
  22 goblins
  11 hobgoblins
  6 jackals
  3 quokkas
  4 bats
  3 frilled lizards (D:2)
  A giant cockroach zombie (Sewer)
  2 hobgoblin zombies (D:5)
  21 kobolds
  A kobold zombie (D:5)
  An orc zombie (D:5)
  2 rats (D:1)
240 creatures vanquished.

Vanquished Creatures (collateral kills)
  Grinder (Sewer)
  An elephant zombie (D:6)
  A phantom (D:6)
  A kobold brigand (D:6)
  A centaur zombie (D:6)
  A sleepcap (D:5)
  A hound zombie (D:6)
  A mummy (D:5)
  An ufetubus (Sewer)
  A ribbon worm (D:2)
  A hobgoblin (D:3)
  A jackal (D:5)
  2 bats (D:5)
  A kobold (Sewer)
15 creatures vanquished.

Vanquished Creatures (others)
  A killer bee zombie (D:6)
  2 kobolds (Sewer)
  A kobold zombie (Sewer)
4 creatures vanquished.

Grand Total: 259 creatures vanquished

Notes
Turn   | Place    | Note
-------+----------+-------------------------------------------
     0 | D:1      | solopath the Gnoll Hedge Wizard began the quest for the
                  | Orb.
     0 | D:1      | Reached XP level 1. HP: 13/13 MP: 8/8
   116 | D:1      | Reached XP level 2. HP: 19/19 MP: 6/10
   167 | D:1      | Learned a level 1 spell: Apportation
   170 | D:1      | Learned a level 2 spell: Blink
   173 | D:1      | Learned a level 2 spell: Call Imp
   239 | D:1      | Found Heopraoh's Antique Armour Boutique.
   742 | D:1      | Reached XP level 3. HP: 13/25 MP: 9/11
  1134 | D:1      | Reached skill level 1 in Invocations
  1447 | D:1      | Learned a level 3 spell: Mephitic Cloud
  1851 | D:2      | Reached skill level 1 in Fighting
  1851 | D:2      | Reached skill level 1 in Short Blades
  1851 | D:2      | Reached skill level 1 in Long Blades
  1851 | D:2      | Reached skill level 1 in Axes
  1851 | D:2      | Reached skill level 1 in Maces & Flails
  1851 | D:2      | Reached skill level 1 in Polearms
  1851 | D:2      | Reached skill level 1 in Staves
  1851 | D:2      | Reached skill level 1 in Ranged Weapons
  1851 | D:2      | Reached skill level 1 in Throwing
  1851 | D:2      | Reached skill level 1 in Armour
  1851 | D:2      | Reached skill level 1 in Shields
  1851 | D:2      | Reached skill level 1 in Unarmed Combat
  1851 | D:2      | Reached skill level 1 in Evocations
  2393 | D:3      | Found Anaymo's Weapon Boutique.
  2416 | D:3      | Bought a +0 dagger of venom for 57 gold pieces
  2427 | D:3      | Reached skill level 1 in Shapeshifting
  2427 | D:3      | Reached XP level 4. HP: 29/32 MP: 10/13
  2764 | D:3      | Reached skill level 1 in Hexes
  2764 | D:3      | Reached skill level 1 in Necromancy
  2764 | D:3      | Reached skill level 1 in Fire Magic
  2764 | D:3      | Reached skill level 1 in Ice Magic
  2764 | D:3      | Reached skill level 1 in Air Magic
  2764 | D:3      | Reached skill level 1 in Earth Magic
  2764 | D:3      | Reached skill level 1 in Alchemy
  3446 | D:4      | Reached XP level 5. HP: 35/37 MP: 7/14
  3990 | D:4      | Found a sparkling altar of Nemelex Xobeh.
  3990 | D:4      | Found an opulent altar of Gozag.
  4163 | D:4      | Reached XP level 6. HP: 14/44 MP: 10/16
  4409 | D:4      | Reached skill level 5 in Dodging
  4749 | D:5      | Entered Level 5 of the Dungeon
  4999 | D:5      | Reached XP level 7. HP: 48/50 MP: 11/18
  5193 | D:5      | Found a glowing drain.
  5203 | Sewer    | Entered a sewer
  5372 | Sewer    | Found a burning altar of Makhleb.
  5399 | Sewer    | Noticed Grinder
  5748 | Sewer    | Paralysed by Grinder for 3 turns
  5788 | Sewer    | Killed Grinder
  5789 | Sewer    | Reached skill level 5 in Stealth
  6124 | D:5      | Reached XP level 8. HP: 31/58 MP: 9/19
  6323 | D:5      | Found a blossoming altar of Fedhas.
  6968 | D:6      | Found an ancient bone altar of Kikubaaqudgha.
  6970 | D:6      | Reached skill level 8 in Spellcasting
  7080 | D:6      | Found Paeclips's Antique Armour Shoppe.
  7087 | D:6      | Bought a heavily runed cloak for 209 gold pieces
  7087 | D:6      | Identified the +0 cloak "Banaewn" {rN+ Regen+ MP-9 SInv}
                  | (You bought it in a shop on level 6 of the Dungeon)
  7107 | D:6      | Found a staircase to the Ecumenical Temple.
  7116 | Temple   | Entered the Ecumenical Temple
  7930 | D:6      | Found a glowing silver altar of Zin.
  7930 | D:6      | Found a white marble altar of Elyvilon.
  7930 | D:6      | Found a glowing golden altar of the Shining One.
  8379 | D:6      | Reached XP level 9. HP: 65/65 MP: 1/21
  8664 | D:6      | Noticed Dowan
  8666 | D:6      | Noticed Duvessa
  8681 | D:6      | Killed Dowan
  8686 | D:6      | Killed Duvessa
  8843 | D:6      | Bought a shiny helmet for 165 gold pieces
  9028 | D:7      | Found a sacrificial altar of Ru.
  9191 | D:7      | Found an iron altar of Okawaru.
  9201 | D:7      | Found a bloodstained altar of Trog.
  9208 | D:7      | Became a worshipper of Warmaster Okawaru
  9262 | D:7      | Found a radiant altar of Vehumet.
  9316 | D:7      | Found Utsi's Weapon Emporium.
  9488 | D:7      | Found a snail-covered altar of Cheibriados.
  9488 | D:7      | Found a shadowy altar of Dithmenos.
  9724 | D:8      | Reached skill level 5 in Invocations
  9834 | D:7      | Reached * piety under Okawaru
  9843 | D:8      | Noticed Psyche
  9878 | D:7      | Killed Psyche
 10121 | D:8      | Reached skill level 5 in Fighting
 10121 | D:8      | Reached skill level 5 in Short Blades
 10121 | D:8      | Reached skill level 5 in Long Blades
 10121 | D:8      | Reached skill level 5 in Axes
 10121 | D:8      | Reached skill level 5 in Maces & Flails
 10121 | D:8      | Reached skill level 5 in Polearms
 10121 | D:8      | Reached skill level 5 in Staves
 10121 | D:8      | Reached skill level 5 in Ranged Weapons
 10121 | D:8      | Reached skill level 5 in Throwing
 10121 | D:8      | Reached skill level 5 in Armour
 10121 | D:8      | Reached skill level 5 in Shields
 10121 | D:8      | Reached skill level 5 in Unarmed Combat
 10121 | D:8      | Reached skill level 5 in Evocations
 10121 | D:8      | Reached XP level 10. HP: 69/74 MP: 14/22
 10296 | D:8      | Reached ** piety under Okawaru
 10300 | D:8      | Learned a level 2 spell: Jinxbite
 10304 | D:8      | Learned a level 3 spell: Teleport Other
 10492 | D:8      | Noticed Pikel
 10523 | D:8      | Killed Pikel
 10524 | D:8      | Reached skill level 9 in Spellcasting
 10646 | D:8      | Reached skill level 5 in Conjurations
 10646 | D:8      | Reached skill level 5 in Summonings
 10646 | D:8      | Reached skill level 5 in Translocations
 11118 | D:9      | Reached skill level 5 in Shapeshifting
 11180 | D:9      | Reached *** piety under Okawaru
 11293 | D:9      | Reached **** piety under Okawaru
 11294 | D:9      | Reached skill level 5 in Hexes
 11294 | D:9      | Reached skill level 5 in Necromancy
 11294 | D:9      | Reached skill level 5 in Fire Magic
 11294 | D:9      | Reached skill level 5 in Ice Magic
 11294 | D:9      | Reached skill level 5 in Air Magic
 11294 | D:9      | Reached skill level 5 in Earth Magic
 11294 | D:9      | Reached skill level 5 in Alchemy
 11294 | D:9      | Reached XP level 11. HP: 41/81 MP: 13/24
 11475 | D:9      | Found an ornate altar of the Wu Jian Council.
 11498 | D:9      | Found a flagged portal.
 11506 | D:9      | Identified the +7 hand axe of the Endless March {freeze,
                  | rPois Dex+4}
 11516 | Bailey   | Entered a bailey
 11955 | Bailey   | Identified the +1 robe of Perfidy {+Inv rN+ Will-}
 12322 | Bailey   | Noticed an orc warlord
 12352 | Bailey   | HP: 2/81 [orc warlord/+3 battleaxe (11)]
 12353 | Bailey   | Demolished by an orc warlord

Illustrated notes

Levels and vault maps discovered:
D:1:      onia_arrival_pyramid, layout_basic, serial_shops,
          nicolae_shop_real_fake_doors
D:2:      layout_loops_ring
D:3:      layout_loops_ring, serial_shops, shop
D:4:      layout_cave_pods, grunt_temple_overflow_opulence, minmay_between
D:5:      layout_basic, fedhas_altar_4, cheibrodos_sewer_entry_sluice,
          grunt_decor_fettered, minmay_mini_ossuary
D:6:      nicolae_cairo_tiling, layout_gridville, good_gods_mini_temple,
          lemuel_temple_firewalk_b, serial_shops, shop,
          minmay_misc_feat_diagonals, roadster_capsule_ark_zombie, uniq_duvessa
D:7:      layout_loops_cross, hangedman_ru_absence, nicolae_vehumet_altar_sigil,
          gammafunk_temple_overflow_wave, amethyst_overflow_temple_binary,
          serial_shops, nicolae_shop_behind_doors
D:8:      layout_cave_pools, uniq_pikel, uniq_psyche
D:9:      layout_stronghold, nicolae_wu_jian_immortal_techniques,
          due_lair_maze_entry_diamond, enter_bailey_2,
          ebering_ghost_disaster_area
Temple:   nicolae_temple_superstar
Bailey:   bailey_axe_minmay_hex_keep, bailey

Skill      XL: |  1  2  3  4  5  6  7  8  9 10 |
---------------+-------------------------------+-----
Conjurations   | 2 3 4 5 |  5.6
Summonings     | 2 3 4 5 |  5.6
Translocations | 2 3 4 5 |  5.6
Invocations    | 1 2 3 4 5 6 |  6.9
Fighting       | 1 2 3 5 6 |  6.2
Short Blades   | 1 2 3 5 6 |  6.2
Long Blades    | 1 2 3 5 6 |  6.2
Axes           | 1 2 3 5 6 |  6.2
Maces & Flails | 1 2 3 5 6 |  6.2
Polearms       | 1 2 3 5 6 |  6.2
Staves         | 1 2 3 5 6 |  6.2
Ranged Weapons | 1 2 3 5 6 |  6.2
Throwing       | 1 2 3 5 6 |  6.2
Armour         | 1 2 3 5 6 |  6.2
Shields        | 1 2 3 5 6 |  6.2
Unarmed Combat | 1 2 3 5 6 |  6.2
Evocations     | 1 2 3 5 6 |  6.2
Shapeshifting  | 1 2 3 4 5 |  5.7
Hexes          | 1 2 3 4 5 |  5.2
Necromancy     | 1 2 3 4 5 |  5.2
Fire Magic     | 1 2 3 4 5 |  5.2
Ice Magic      | 1 2 3 4 5 |  5.2
Air Magic      | 1 2 3 4 5 |  5.2
Earth Magic    | 1 2 3 4 5 |  5.2
Alchemy        | 1 2 3 4 5 |  5.2
Dodging        | 5 6 7 |  7.8
Stealth        | 5 6 7 |  7.6
Spellcasting   | 8 9 |  9.6

Action                     |  1- 3 |  4- 6 |  7- 9 | 10-12 || total
---------------------------+-------+-------+-------+-------++-------
  Melee: Dagger            |    56 |   101 |   244 |   107 ||   508
         Bite              |     6 |    11 |    38 |    35 ||    90
         Punch             |     2 |     2 |    17 |    18 ||    39
         Spear             |       |       |    67 |    81 ||   148
         Mace              |       |       |       |    37 ||    37
         Hand axe          |       |       |       |    55 ||    55
   Cast: Magic Dart        |   100 |    87 |   120 |    84 ||   391
         Call Imp          |     4 |     6 |    27 |       ||    37
         Blink             |       |     2 |     8 |     1 ||    11
         Mephitic Cloud    |       |     2 |    24 |    26 ||    52
         Apportation       |       |       |       |     3 ||     3
         Jinxbite          |       |       |       |     2 ||     2
         Teleport Other    |       |       |       |     1 ||     1
 Invoke: Heroism           |       |       |       |     4 ||     4
  Evoke: Wand              |       |       |    10 |     2 ||    12
    Use: Potion            |     1 |       |     2 |     1 ||     4
         Scroll            |       |     9 |     5 |     6 ||    20
   Stab: Distracted        |     1 |       |     3 |     1 ||     5
         Sleeping          |       |     3 |     2 |     1 ||     6
         Confused          |       |     3 |    16 |    27 ||    46
         Paralysed         |       |       |     1 |     1 ||     2
 Armour: Robe              |    26 |    40 |   197 |    89 ||   352
         Skin              |       |       |     7 |       ||     7
  Dodge: Dodged            |    39 |    46 |   246 |   130 ||   461
